 Dungeon Crawl Stone Soup version 0.23.1 (webtiles) character file.

Game seed: 17325350351540098006

303 Marnok the Covered (level 6, 0/72 HPs)
             Began as a Human Fighter on Mar 15, 2019.
             Was an Initiate of Ru.
             Slain by a killer bee (1 damage)
             ... on level 4 of the Dungeon.
             The game lasted 00:13:54 (2813 turns).

Marnok the Covered (Human Fighter)                  Turns: 2813, Time: 00:13:55

Health: 0/72       AC: 23    Str: 18    XL:     6   Next: 65%
Magic:  6/6        EV:  2    Int:  8    God:    Ru [......]
Gold:   133        SH:  9    Dex: 13    Spells: 5/5 levels left

rFire    . . .     SeeInvis .   a - +0 war axe
rCold    . . .     Gourm    .   c - +0 shield
rNeg     + + +     Faith    .   (armour currently unavailable)
rPois    +         Spirit   .   (helmet currently unavailable)
rElec    .         Reflect  .   (cloak currently unavailable)
rCorr    .         Harm     .   (gloves currently unavailable)
MR       +....     NoTele   +   (boots currently unavailable)
Stlth    +.........             (no amulet)
HPRegen  0.22/turn              n - ring of protection from magic
MPRegen  0.10/turn              (no ring)

@: lethally poisoned (0 -> -5), tree-form (expiring), hasted, lightly drained,
very quick
A: no striking features
a: Renounce Religion


You were on level 4 of the Dungeon.
You worshipped Ru.
Ru was noncommittal.
You were hungry.
You were a tree.
You visited 1 branch of the dungeon, and saw 4 of its levels.

You collected 133 gold pieces.

Inventory:

Hand Weapons
 a - a +0 war axe (weapon)
Armour
 b - a +0 scale mail (melded)
 c - a +0 shield (worn)
 j - a +0 cloak (melded)
Jewellery
 n - a ring of protection from magic (left branch)
Scrolls
 e - a scroll of magic mapping
 i - a scroll of blinking {unknown}
 m - a scroll of remove curse {unknown}
 p - a scroll of enchant weapon {unknown}
Comestibles
 f - 7 rations


   Skills:
 + Level 3.9(3.5) Fighting
 + Level 3.6(3.2) Axes
 + Level 4.5(4.1) Armour
 + Level 1.2(0.8) Dodging
 + Level 4.0(3.6) Shields


You had 5 spell levels left.
You didn't know any spells.
Your spell library was empty.

Dungeon Overview and Level Annotations

Branches:
Dungeon (4/15)
 Temple: D:4-7

Altars:
Ru

Annotations:
D:2 Sigmund


Message History

As you read the scroll labeled BUEVVUOZOSK, it crumbles to dust.
You feel a strange sense of stasis.
It was a scroll of teleportation.
* * * LOW HITPOINT WARNING * * *
You feel sick.
You closely miss the killer bee.
* * * LOW HITPOINT WARNING * * *
You feel sick. The killer bee stings you.
* * * LOW HITPOINT WARNING * * *
The killer bee stings you but does no damage.
You miss the killer bee.
Your transformation is almost over.
* * * LOW HITPOINT WARNING * * *
You feel sick. The killer bee barely misses you.
The killer bee stings you but does no damage.
You miss the killer bee. You block the killer bee's attack.
The killer bee stings you but does no damage.
You miss the killer bee.
* * * LOW HITPOINT WARNING * * *
You feel sick. The killer bee stings you.
You die...

.# .. . .# ....
.#.##....
.<....[..
#........
##########........
.....)..♣y......#
#########).....#
............###
................
.......<........
..........w.....
................
................
................


You could see a worm (fleeing) and a killer bee.

Vanquished Creatures
  2 howler monkeys (D:4)
  An orc wizard (D:4)
  An orc priest (D:4)
  2 worker ants
  6 adders
  A worm (D:3)
  2 dart slugs (D:1)
  A leopard gecko (D:1)
  4 orcs
  5 bats
  6 giant cockroaches
  4 goblins
  4 hobgoblins
  6 jackals
  7 kobolds
  A ball python skeleton (D:4)
  8 frilled lizards
  4 rats
65 creatures vanquished.

Vanquished Creatures (others)
  4 toadstools (D:1)
4 creatures vanquished.

Grand Total: 69 creatures vanquished

Notes
Turn   | Place    | Note
-------+----------+-------------------------------------------
     0 | D:1      | Marnok the Human Fighter began the quest for the Orb.
     0 | D:1      | Reached XP level 1. HP: 18/18 MP: 1/1
   285 | D:1      | Reached XP level 2. HP: 24/24 MP: 2/2
   531 | D:1      | Reached XP level 3. HP: 29/29 MP: 3/3
  1352 | D:2      | Reached XP level 4. HP: 25/35 MP: 4/4
  1679 | D:2      | Noticed Sigmund
  2203 | D:3      | Found a sacrificial altar of Ru.
  2224 | D:3      | Reached XP level 5. HP: 32/41 MP: 5/5
  2304 | D:3      | Became a worshipper of Ru the Awakened
  2784 | D:4      | Reached skill level 1 in Dodging
  2784 | D:4      | Reached XP level 6. HP: 48/48 MP: 6/6
  2810 | D:4      | HP: 3/72 [killer bee (1)]
  2813 | D:4      | HP: 1/72 [poisoned by a killer bee]
  2813 | D:4      | Slain by a killer bee

Skill      XL: |  1  2  3  4  5  6 |
---------------+-------------------+-----
Armour         | 4 |  4.5
Axes           | 3 |  3.6
Dodging        | 1 |  1.2
Shields        | 4 |  4.0
Fighting       | |  3.9

Action                   |  1- 3 |  4- 6 || total
-------------------------+-------+-------++-------
Melee: War axe           |   115 |   169 ||   284
  Use: Scroll            |     2 |     3 ||     5
       Potion            |     1 |    10 ||    11
  Eat: Chunk             |     1 |     5 ||     6
Armor: Scale mail        |    74 |    82 ||   156
       Skin              |       |     6 ||     6
Dodge: Dodged            |    42 |    59 ||   101
Block: Shield            |    68 |   107 ||   175
